 Dungeon Crawl Stone Soup version 0.31-a0-1447-g87ca8d402b (webtiles) character file.

Game seed: 10499281619479797146

82 BigPumpCobain the Chopper (level 4, -6/40 HPs)
             Began as a Hill Orc Fighter on Dec 27, 2023.
             Mangled by a gnoll
             ... wielding a +0 halberd
              (7 damage)
             ... on level 3 of the Dungeon.
             The game lasted 00:02:54 (1694 turns).

BigPumpCobain the Chopper (Hill Orc Fighter)        Turns: 1694, Time: 00:02:55

Health: -6/40      AC:  8    Str: 20    XL:     4   Next: 43%
Magic:  4/4        EV:  6    Int:  8    God:
Gold:   86         SH:  4    Dex: 10    Spells: 3/3 levels left

rFire   . . .        e - +2 broad axe (freeze)
rCold   . . .        c - +0 buckler
rNeg    . . .        b - +0 scale mail
rPois   .            p - +0 helmet
rElec   .            (no cloak)
rCorr   .            (no gloves)
SInv    .            (no boots)
Will    .....        (no amulet) Stlth
                     (no ring)
HPRegen 0.26/turn    (no ring)
MPRegen 0.09/turn

%: no passive effects
@: mighty, weak-willed, constricted
A: no striking features
a: no special abilities


You were on level 3 of the Dungeon.
You visited 1 branch of the dungeon, and saw 3 of its levels.

You collected 86 gold pieces.

Inventory:

Hand Weapons
 e - a +2 broad axe of freezing (weapon)
Armour
 b - a +0 scale mail (worn)
 c - a +0 buckler (worn)
 p - a +0 helmet (worn)
Scrolls
 m - a scroll of amnesia {unknown}
 n - a scroll of blinking {unknown}
Potions
 d - a potion of might
 f - 2 potions of degeneration {unknown}
 g - a potion of ambrosia {unknown}
 h - a potion of curing {unknown}
 o - a potion of haste {unknown}


   Skills:
 + Level 4.2 Fighting
 * Level 4.3 Axes
 + Level 3.8 Armour
 + Level 3.8 Shields


You had 3 spell levels left.
You didn't know any spells.
Your spell library was empty.

Dungeon Overview and Level Annotations

Branches:
Dungeon (3/15)

Altars:
Uskayaw

Annotations:
D:3 Jessica


Message History

* * * LOW HITPOINT WARNING * * *
The gnoll hits you but does no damage.
You are too injured to fight recklessly!
You are too injured to fight recklessly!
You are too injured to fight recklessly!
You are too injured to fight recklessly!
You are too injured to fight recklessly!
You are too injured to fight recklessly!
You are too injured to fight recklessly!
You are too injured to fight recklessly!
You are too injured to fight recklessly!
You are too injured to fight recklessly!
You are too injured to fight recklessly!
You are too injured to fight recklessly!
You are too injured to fight recklessly!
You are too injured to fight recklessly!
You are too injured to fight recklessly!
You are too injured to fight recklessly!
You are too injured to fight recklessly!
You are too injured to fight recklessly!
You are too injured to fight recklessly!
You are too injured to fight recklessly!
You are too injured to fight recklessly!
You are too injured to fight recklessly!
You are too injured to fight recklessly!
You are too injured to fight recklessly!
You are too injured to fight recklessly!
You are too injured to fight recklessly!
You feel very mighty all of a sudden. The gnoll hits you but does no damage.
The gnoll hits you from afar with a +0 halberd!
* * * LOW HITPOINT WARNING * * *
The gnoll hits you but does no damage. The gnoll barely misses you.
You closely miss Jessica. You slash the gnoll! You freeze the gnoll.
You kill the gnoll!
You barely miss the ball python. You slash the gnoll! You freeze the gnoll.
The ball python bites you but does no damage.
The ball python grabs you. The ball python constricts you.
The gnoll hits you from afar with a +0 halberd!
You die...

,,,,,********* *,* *,,,*
*,,,**,,,,..,**##.#***** *,,,*
,,,,**,,,,,..,,....,,,,#****,,,**
*,,,**,,,,,,.###..#*##.,,,,,,,,,,
**,***,,,.,,,..#..#...,.,,,,,,,,,
*,***,,,...,#.#..#.##..,,,,,,,,,
*,,,*,,,....#.g.g.....#****,,,**
***,*,,,.....$S.....##* *,,,*
*,*******#..g@.....# ***,,,** *,*
*#..@)#...## *,,,,,,*
*,******#.#....,..# *,*,,,,*
*,,,,,,!........,.# *,**,*,*
*,,**,#*....#.###*# *,**,,,,
*,,**,*#......# *,****,*
*,,,,,*#.#.#### *,***,,,
**,****#.##* **,,,,,,* *,,,,,,,*
*,,,,,,**


You could see 3 gnolls, Jessica and a ball python.

Vanquished Creatures
  Robin (D:2)
  A gnoll (D:3)
  2 worms (D:2)
  2 dart slugs
  7 bats
  4 endoplasms
  2 giant cockroaches
  14 goblins
  7 hobgoblins
  2 kobolds
  A quokka (D:2)
  6 ball pythons
  5 frilled lizards
  2 rats
56 creatures vanquished.

Notes
Turn   | Place    | Note
-------+----------+-------------------------------------------
     0 | D:1      | BigPumpCobain the Hill Orc Fighter began the quest for the
                  | Orb.
     0 | D:1      | Reached XP level 1. HP: 19/19 MP: 1/1
   203 | D:1      | Reached XP level 2. HP: 25/27 MP: 2/2
   518 | D:1      | Found a faded altar of an unknown god.
   777 | D:1      | Reached XP level 3. HP: 33/33 MP: 3/3
  1051 | D:2      | Found a hide-covered altar of Uskayaw.
  1069 | D:2      | Noticed Robin
  1083 | D:2      | Killed Robin
  1084 | D:2      | Reached XP level 4. HP: 10/40 MP: 4/4
  1687 | D:3      | Identified a scroll of acquirement
  1687 | D:3      | Acquired a +2 broad axe of freezing
  1690 | D:3      | Noticed Jessica
  1693 | D:3      | HP: 1/40 [gnoll/+0 halberd (7)]
  1694 | D:3      | Mangled by a gnoll

Illustrated notes

Levels and vault maps discovered:
D:1:      tarquinn_simple_flora_water_d, layout_basic, basic_ecumenical_altar
D:2:      layout_basic, basic_altar, hangedman_decor_growths, uniq_robin
D:3:      layout_loops_cross, nicolae_overflow_quartered_altars, serial_shops,
          shop, gup_sewer_entry_spiral, uniq_jessica

Skill      XL: |  1  2  3 |
---------------+----------+-----
Axes           | 3 4 |  4.3
Fighting       | 4 |  4.2
Armour         | |  3.8
Shields        | |  3.8

Action                     |  1- 3 |  4- 6 || total
---------------------------+-------+-------++-------
  Melee: War axe           |   109 |    39 ||   148
         Broad axe         |       |     3 ||     3
    Use: Scroll            |       |     5 ||     5
         Potion            |       |     1 ||     1
 Armour: Scale mail        |    94 |    39 ||   133
  Dodge: Dodged            |    64 |    27 ||    91
  Block: Buckler           |    26 |     4 ||    30

Table legend: (Time is in decaauts)
 A = Elapsed time spent in this place.
 B = Non-inter-level travel time spent in this place.
 C = Inter-level travel time spent in this place.
 D = Time resting spent in this place.
 E = Time spent auto-exploring this place.
 F = Levels seen in this place.
 G = Mean time per level.
                   A        B        C        D        E       F      G
               +--------+--------+--------+--------+--------+-----+--------+
         Total |   1746 |   1665 |     81 |      0 |   1312 |   3 |  582.0 |
       Dungeon |   1746 |   1665 |     81 |      0 |   1312 |   3 |  582.0 |
               +--------+--------+--------+--------+--------+-----+--------+

Top non-repeatable levels by time:
     D:2: 889 daAuts
     D:1: 845 daAuts
     D:3: 12 daAuts
